 Dungeon Crawl Stone Soup version 0.26-a0-278-g3b0d5afba5 (webtiles) character file.

Game seed: 11943526292192303140

140 BritishOli the Skirmisher (level 5, 42/42 HPs)
             Began as a Demonspawn Fighter on July 12, 2020.
             Quit the game on level 3 of the Dungeon.
             The game lasted 00:01:04 (2235 turns).

BritishOli the Skirmisher (Demonspawn Fighter)      Turns: 2235, Time: 00:01:05

Health: 42/42      AC:  6    Str: 17    XL:     5   Next: 2%
Magic:  5/5        EV:  7    Int:  9    God:
Gold:   124        SH:  9    Dex: 13    Spells: 4/4 levels left

rFire    . . .     SeeInvis .   a - +0 long sword
rCold    . . .     Faith    .   c - +0 kite shield
rNeg     . . .     Spirit   +   b - +0 scale mail
rPois    .         Reflect  .   (no helmet)
rElec    .         Harm     .   (no cloak)
rCorr    .                      (no gloves)
MR       .....                  (no boots)
Stlth    ..........             (no amulet)
HPRegen  0.14/turn              (no ring)
MPRegen  0.09/turn              (no ring)

@: no status effects
A: talons 1, demonic guardian 1, magic shield
a: no special abilities


You were on level 3 of the Dungeon.
You visited 1 branch of the dungeon, and saw 3 of its levels.

You collected 124 gold pieces.

Inventory:

Hand Weapons
 a - a +0 long sword (weapon)
Armour
 b - a +0 scale mail (worn)
 c - a +0 kite shield (worn)
Jewellery
 g - an uncursed ring of resist corrosion {unknown}
 p - an uncursed ring of wizardry
Scrolls
 e - a scroll of fear {unknown}
 f - a scroll of teleportation {unknown}
 h - 3 scrolls of identify {unknown}
 j - a scroll of amnesia {unknown}
 k - 2 scrolls of remove curse {unknown}
 m - a scroll of enchant armour {unknown}
Potions
 d - 4 potions of might
 i - 2 potions of curing {unknown}
 l - a potion of mutation {unknown}
 n - a potion of ambrosia {unknown}
 o - a potion of haste {unknown}


   Skills:
 + Level 3.8 Fighting
 + Level 2.7 Long Blades
 + Level 3.5 Armour
 + Level 3.4 Shields


You had 4 spell levels left.
You didn't know any spells.
Your spell library was empty.

Dungeon Overview and Level Annotations

Branches:
Dungeon (3/15)

Altars:
Hepliaklqana
Kikubaaqudgha
Xom

Annotations:
D:3 2 transporters, Conn's ghost, amateur OpWz


Innate Abilities, Weirdness & Mutations

You have sharp toenails.
A weak demonic guardian rushes to your aid.
When hurt, damage is shared between your health and your magic reserves.


Message History

No target in view!
There is an open door here.
There is an open door here.
There is an open door here.
There is an open door here.
Found a ring mail and 6 arrows.
No target in view!
Partly explored, unvisited transporter.
No target in view!
Partly explored, unvisited transporter.
No target in view!
Partly explored, unvisited transporter.
No target in view!
Partly explored, unvisited transporter.
(D) Dungeon
Where to? (Enter - D:3, ? - help)
Okay, then.
Quiver which item? (- for none, * to show all) (? for menu, Esc to quit)
Okay, then.
Are you sure you want to abandon this character and quit the game? (Confirm with "yes".)

#................
###'#.######.#.##.#
#.....# #.#.##.#
#.....######.#.##.#
#.....##.....#)##.#
##..>......)..(.....
#.......#.#.....##.#
#.......#.##.......#
#..@....'.########..
#.......### #.#
#.......# #).
#[....(.# ###
#.......# #########
#### #... #...
#######...


There were no monsters in sight!

Vanquished Creatures
  Terence (D:2)
  An orc wizard (D:3)
  2 adders
  A leopard gecko (D:3)
  An orc (D:3)
  A ball python (D:1)
  5 bats
  3 giant cockroaches
  4 goblins
  6 hobgoblins
  4 jackals (D:2)
  5 kobolds
  3 frilled lizards
  7 rats
44 creatures vanquished.

Vanquished Creatures (collateral kills)
  A centaur zombie (D:3)
  An adder (D:3)
2 creatures vanquished.

Grand Total: 46 creatures vanquished

Notes
Turn   | Place    | Note
-------+----------+-------------------------------------------
     0 | D:1      | BritishOli the Demonspawn Fighter began the quest for the
                  | Orb.
     0 | D:1      | Reached XP level 1. HP: 18/18 MP: 1/1
   276 | D:1      | Gained mutation: You have sharp toenails. [demonic
                  | ancestry]
   276 | D:1      | Reached XP level 2. HP: 17/24 MP: 2/2
   433 | D:1      | Found a basalt altar of Yredelemnul.
   435 | D:1      | Found a snail-covered altar of Cheibriados.
   435 | D:1      | Found a shimmering altar of Xom.
   437 | D:1      | Found an ancient bone altar of Kikubaaqudgha.
   437 | D:1      | Found a hazy altar of Hepliaklqana.
   437 | D:1      | Found an iron altar of Okawaru.
   663 | D:1      | You fall into a shaft and drop 1 floor!
   700 | D:2      | Noticed Terence
   711 | D:2      | Killed Terence
   711 | D:2      | Reached XP level 3. HP: 22/29 MP: 3/3
  1622 | D:3      | Gained mutation: A weak demonic guardian rushes to your
                  | aid. [demonic ancestry]
  1622 | D:3      | Reached XP level 4. HP: 26/35 MP: 4/4
  1950 | D:3      | Found a transporter.
  1951 | D:3      | Noticed Conn's ghost (amateur OpWz)
  1961 | D:3      | Found a transporter.
  2117 | D:3      | Gained mutation: When hurt, damage is shared between your
                  | health and your magic reserves. [demonic ancestry]
  2117 | D:3      | Reached XP level 5. HP: 36/42 MP: 5/5
  2235 | D:3      | Quit the game

Illustrated notes

Levels and vault maps discovered:
D:1:      lightli_iron_boxes, layout_loops_corners, doesnt_xom_only_xom
D:2:      layout_basic, uniq_terence
D:3:      layout_basic, gammafunk_ghost_mausoleum

Skill      XL: |  1  2 |
---------------+-------+-----
Long Blades    | 2 |  2.7
Armour         | 3 |  3.5
Shields        | 3 |  3.4
Fighting       | |  3.8

Action                   |  1- 3 |  4- 6 || total
-------------------------+-------+-------++-------
Melee: Long sword        |    89 |    35 ||   124
       Kick              |     9 |     8 ||    17
Armor: Scale mail        |    29 |    14 ||    43
Dodge: Dodged            |    29 |    12 ||    41
Block: Kite shield       |    49 |    13 ||    62
       Rpst.: Long sword |     8 |     4 ||    12

Table legend:
 A = Non-vault XP
 B = Vault XP
 C = Vault XP percentage of total XP
 D = Non-vault monster count
 E = Vault monster count
 F = Vault count percentage of total count
                 A         B        C        D         E       F
            +---------+---------+-------+---------+---------+-------
      Total |     165 |      36 |  17.9 |      45 |       1 |   2.2
            +---------+---------+-------+---------+---------+-------
        D:1 |      17 |       0 |   0.0 |      11 |       0 |   0.0
        D:2 |      34 |      36 |  51.4 |      13 |       1 |   7.1
        D:3 |     114 |       0 |   0.0 |      21 |       0 |   0.0
            +---------+---------+-------+---------+---------+-------
